 Dungeon Crawl Stone Soup version 0.26-a0-712-ga5a9c9c9d0 (webtiles) character file.

Game seed: 6691025430623222634

1 Apogee the Caller (level 1, 2/10 HPs)
             Began as a Kobold Summoner on Nov 2, 2020.
             Quit the game on level 1 of the Dungeon.
             The game lasted 00:00:15 (193 turns).

Apogee the Caller (Kobold Summoner)                  Turns: 193, Time: 00:00:15

Health: 2/10       AC:  2    Str:  5    XL:     1   Next: 22%
Magic:  3/3        EV: 15    Int: 16    God:
Gold:   0          SH:  0    Dex: 15    Spells: 3/4 levels left

rFire    . . .     SeeInvis .   (weapon restricted)
rCold    . . .     Faith    .   (shield restricted)
rNeg     . . .     Spirit   .   a - +0 robe
rPois    .         Reflect  .   (no helmet)
rElec    .         Harm     .   (no cloak)
rCorr    .         Rampage  .   (no gloves)
MR       .....                  (no boots)
Stlth    +++.......             (no amulet)
HPRegen  0.03/turn              (no ring)
MPRegen  0.08/turn              (no ring)

@: no status effects
A: small, nightstalker 3
a: no special abilities


You were on level 1 of the Dungeon.
You visited 1 branch of the dungeon, and saw 1 of its levels.

Inventory:

Armour
 a - a +0 robe (worn)
Scrolls
 b - a scroll of blinking {unknown}
Potions
 c - 2 potions of resistance {unknown}


   Skills:
 - Level 2.4 Dodging
 - Level 2.6 Stealth
 + Level 2.2 Spellcasting
 + Level 4.0 Summonings


You had 3 spell levels left.
You knew the following spells:

 Your Spells              Type           Power        Failure   Level
a - Summon Small Mammal   Summ           ##..         3%          1

Your spell library contained the following spells:

 Spells                   Type           Power        Failure   Level
 Call Imp                 Summ           ##......     6%          2
 Call Canine Familiar     Summ           ##......     12%         3
 Summon Guardian Golem    Hex/Summ       #.......     26%         3
 Summon Ice Beast         Ice/Summ       #.......     65%         4
 Summon Lightning Spire   Summ/Air       #.......     65%         4


Dungeon Overview and Level Annotations

Branches:
Dungeon (1/15)

Altars:


Innate Abilities, Weirdness & Mutations

You are small and have problems with some larger weapons.
You are completely attuned to the shadows.


Message History

Options error: Bad channel -- pray (~/.crawlrc:4440) Options error: Bad channel -- food (~/.crawlrc:4443) Welcome, Apogee the Kobold Summoner.
Will you prevail where others failed? Will you find the Orb of Zot?
Found a staircase leading out of the dungeon.
A frilled lizard comes into view.
The frilled lizard hisses angrily.
The frilled lizard moves out of view.
A frilled lizard is nearby!
A frilled lizard is nearby!
A frilled lizard is nearby!
The frilled lizard barely misses you.
You closely miss the frilled lizard. The frilled lizard misses you.
You closely miss the frilled lizard. The frilled lizard misses you.
You hit the frilled lizard.
You kill the frilled lizard!
No target in view!
Found a hand axe.
You see here a hand axe.
Found a scroll labeled KITSEC ZEILIE and 2 lumpy grey potions.
b - a scroll labeled KITSEC ZEILIE
c - 2 lumpy grey potions A bat comes into view.
A bat is nearby!
A bat is nearby!
A bat is nearby!
The helpless bat fails to defend itself.
You hit the bat. The bat closely misses you.
The bat hits you but does no damage. The bat closely misses you.
You barely miss the bat. The bat barely misses you. The bat closely misses you.
You hit the bat but do no damage. The bat completely misses you.
The bat hits you. The bat misses you.
You barely miss the bat. The bat hits you. The bat closely misses you.
You hit the bat.
You kill the bat!
No target in view!
Found 13 gold pieces.
A hobgoblin comes into view. It is wielding a +0 club.
You see here 13 gold pieces.
A hobgoblin is nearby!
A hobgoblin is nearby!
The helpless hobgoblin fails to defend itself.
You hit the hobgoblin. The hobgoblin hits you with a +0 club!
Ouch! That really hurt!
* * * LOW HITPOINT WARNING

* * * ...
####### ## ..##
#.....# #.#...#
#.†...# ###.#.##
#.....# #.g@...#
#.....# #.###$.#
#.....# # #...#
###.### # #...#
####.# #.##.#.#
#....# #......#
#.####
###.######.####.
## #.#
#.........
..########
#.###.##.##..#


You could see a hobgoblin.

Vanquished Creatures
  A bat (D:1)
  A frilled lizard (D:1)
2 creatures vanquished.

Notes
Turn   | Place    | Note
-------+----------+-------------------------------------------
     0 | D:1      | Apogee the Kobold Summoner began the quest for the Orb.
     0 | D:1      | Reached XP level 1. HP: 10/10 MP: 3/3
   193 | D:1      | Quit the game

Illustrated notes

Levels and vault maps discovered:
D:1:      scummos_arrival_checkerplants, layout_loops_cross

Action                   || total
-------------------------++-------
Melee: Unarmed           ||     9
 Stab: Sleeping          ||     2
Armor: Robe              ||     1
Dodge: Dodged            ||    10

Table legend: (Time is in decaauts)
 A = Elapsed time spent in this place.
 B = Non-inter-level travel time spent in this place.
 C = Inter-level travel time spent in this place.
 D = Time resting spent in this place.
 E = Time spent auto-exploring this place.
 F = Levels seen in this place.
 G = Mean time per level.
                   A        B        C        D        E       F      G
               +--------+--------+--------+--------+--------+-----+--------+
         Total |    193 |    193 |      0 |      0 |    170 |   1 |  193.0 |
       Dungeon |    193 |    193 |      0 |      0 |    170 |   1 |  193.0 |
               +--------+--------+--------+--------+--------+-----+--------+

Top non-repeatable levels by time:
     D:1: 193 daAuts
